Unix NetHack Version 5.0.0-0 post-release - last build May 10 2026 23:12:36 (d1fa5d53e341ca933230fdaa984d921c805b60aa,branch:main).

Game began 2026-05-16 19:33:16, ended 2026-05-16 22:44:42.

ArrBianca, lawful female human Priestess

                         -----
   -----             ####-..>|                             ---------------
   |...|             #   |...|                             |.............|
   |)..|             #   +...|                             |....$..[.....|
   |...-##          #### |...-###############              |.............|
   |...| #         ###   -.---                             |.............|
   |...| #     ^   ##     ##                               ---------.-----
   |...| #### -|---##      #                                    #####
   -----    ##|`..|##      #                                    #
             #|...-##      #          ...                       #
             #-.{.|#       #         ...h                       #
              |...-#       #         %G@C                       #
              -----      --.--#      ----                    ####
                         |....#                            --.------
                         |..{|                             |.......|
                         |...|                             |...^...|
                         -----                             ---------

ArrBianca the Priestess      St:17 Dx:12 Co:14 In:8 Wi:18 Ch:11  Lawful
Dlvl:14 $:88 HP:0(85) Pw:6(142) AC:-5 Xp:10 T:13747 

Latest messages:
 It misses!
 It misses!
 The gnomish wizard casts a spell!
 The gnomish wizard looks better.
 It hits!
 It kicks!
 You hit it.
 It hits!
 It kicks!
 You hit it.
 The plains centaur misses!
 The plains centaur kicks!
 The bugbear misses!
 It hits!
 It hits!
 It bites!
 The gnomish wizard points at you, then curses.
 It misses!
 It misses!
 The gnomish wizard points all around, then curses.
 It hits!
 It just misses!
 Are you sure you want to pray? [yn] (n) y
 You begin praying to Lugh.
 The plains centaur hits!
 The plains centaur kicks!
 The bugbear hits!
 It hits!
 It hits!
 It bites!
 The gnomish wizard points all around, then curses.
 It hits!
 It kicks!
 The golden haze around you disappears.
 You hear a nearby zap.
 The wand misses the gnomish wizard.
 The wand misses you.
 The plains centaur misses!
 The plains centaur misses!
 It hits!
 It hits!
 It bites!
 The gnomish wizard points at you, then curses.
 It hits!
 It misses!
 It hits!
 You die...
 Do you want an account of creatures vanquished? [ynaq] (y) y
 Do you want to see your conduct and achievements? [ynq] (n) y
 Do you want to see the dungeon overview? [ynq] (y) y

Inventory:
 Coins    ('$')
  $ - 88 gold pieces
 Amulets  ('"')
  u - an amulet of ESP
  k - an amulet versus poison
 Weapons  (')')
  J - a blessed +0 sling
  j - a thoroughly rusty +0 orcish dagger
  V - a +0 worm tooth
  a - a blessed +2 mace (weapon in right hand)
 Armor    ('[')
  P - a +0 elven leather helm (being worn)
  Z - a +0 pair of leather gloves (being worn)
  e - a +0 pair of kicking boots (being worn)
  c - a +0 small shield (being worn)
  v - a blessed +2 mummy wrapping
  b - a +2 robe
  H - a blessed +2 silver dragon scale mail (being worn)
 Comestibles  ('%')
  B - 7 food rations
  T - 2 tripe rations
  l - a tin of pureed orc meat
  q - a lichen corpse
 Scrolls  ('?')
  O - a cursed scroll of amnesia
  A - 3 scrolls of blank paper
  i - a blessed scroll of destroy armor
  z - a scroll of destroy armor
  d - a scroll of food detection
  w - 2 blessed scrolls of identify
  M - 2 scrolls of identify
  t - a scroll of magic mapping
  f - 2 blessed scrolls of remove curse
 Potions  ('!')
  x - a cursed potion of see invisible
  y - a potion of sickness
  m - 2 potions of holy water
 Rings    ('=')
  D - a ring of fire resistance (on right hand)
  C - a ring of slow digestion (on left hand)
 Wands    ('/')
  U - a wand of light (0:11)
  o - a wand of magic missile (1:3)
  G - a wand of sleep (0:3)
  s - a wand of speed monster (0:2)
  I - a wand of wishing (1:0)
 Tools    ('(')
  L - a blessed brass lantern
  Y - a lock pick
  W - a skeleton key
  R - a tin opener
  p - a towel
  N - a +0 unicorn horn
 Gems/Stones  ('*')
  h - an amethyst stone
  g - a blessed touchstone

ArrBianca the Priestess's attributes:

Background:
 You were a Priestess, level 10 human.
 You were lawful, on a mission for Lugh
 who was opposed by Brigit (neutral) and Manannan Mac Lir (chaotic).
 You were right-handed.
 You were in the Dungeons of Doom, on level 14.
 You entered the dungeon 13747 turns ago.
 It was nighttime.
 There was a new moon in effect when your adventure ended.
 You had 7177 experience points, 2823 more were needed to attain level 11.

Basics:
 You had 0 out of 85 hit points.
 You had 6 out of 142 energy points (spell power).
 Your armor class was -5.
 Your wallet contained 88 zorkmids.
 Autopickup was on for '$?!/="+%' plus thrown, with exceptions.

Final Characteristics:
 Your strength was 17 (limit:18/100).
 Your dexterity was 12 (limit:18).
 Your constitution was 14 (peak:15, limit:18).
 Your intelligence was 8 (limit:18).
 Your wisdom was 18 (limit:18).
 Your charisma was 11 (limit:18).

Final Status:
 You weren't hungry.
 You were unencumbered.
 You were wielding a mace.
 You had expert skill with mace.

Final Attributes:
 You were piously aligned.
 You were fire resistant.
 Your items were protected from fire.
 You were cold resistant.
 You were telepathic.
 You could teleport.
 You had slower digestion.
 You were very fast.
 You had reflection.
 You were lucky.
 You are dead (2nd time!).

Miscellaneous:
 You encountered 1 bones level.
 Total elapsed playing time was 2 hours, 44 minutes and 11 seconds.

Major events:
 Turn
    1: ArrBianca the lawful human Priestess entered the dungeon
  277: attained the rank of Acolyte (level 3)
  706: attained the rank of Adept (level 6)
 8073: made her first wish - "2 blessed scrolls of charging", got "a blessed scroll labeled THARR"
 8117: wished for "blessed greased +2 silver dragon scale mail", got "a blessed greased silver dragon scale mail"
11398: entered the Bigroom
11970: entered Sokoban
12460: attained the rank of Priestess (level 10)
13743: averted death (killed by an invisible rock troll)
13747: killed by an invisible plains centaur, while praying

Spells:
 Name                 Level Category     Fail Retention
 protection             1   clerical       4%   81%-90%
 healing                1   healing        0%   81%-90%
 identify               3   divination    13%   81%-90%

Skills:
 Fighting Skills
   bare handed combat [Unskilled]
 Weapon Skills
   club               [Unskilled]
   mace               [Expert]
   morning star       [Unskilled]
   flail              [Unskilled]
   hammer             [Unskilled]
   quarterstaff       [Unskilled]
   polearms           [Unskilled]
   spear              [Unskilled]
   trident            [Unskilled]
   lance              [Unskilled]
   bow                [Unskilled]
   sling              [Unskilled]
   crossbow           [Unskilled]
   dart               [Unskilled]
   shuriken           [Unskilled]
   boomerang          [Unskilled]
   unicorn horn       [Unskilled]
 Spellcasting Skills
   healing spells     [Basic]
   divination spells  [Basic]
   clerical spells    [Basic]

Voluntary challenges:
 Character rerolling was not enabled.
 You never had a pet.
 You never genocided any monsters.
 You never polymorphed an object.
 You never changed form.
 You used 2 wishes.
 You did not wish for any artifacts.
 You did not violate any of the special Sokoban rules.
Achievements:
 You attained the rank of Acolyte.
 You entered a shop.
 You attained the rank of Adept.
 You entered the Big Room.
 You entered Sokoban.
 You attained the rank of Priestess.
 You entered a temple.

 The Dungeons of Doom: levels 1 to 14
    Level 1:
       A fountain.
    Level 2:
       A general store, a fountain.
    Level 3:
       A general store, some graves.
    Level 4:
    Level 5:
       Some fountains.
    Level 6:
       Final resting place for
          dawidg81-Cav-Gno-Mal-Neu, killed by a gnome, while frozen by a floating eye's gaze.
    Level 7:
    Level 8: "stash"
    Level 9: "cockatrices"
       Many fountains.
       Oracle of Delphi.
    Level 10:
       A very big room.
       Stairs up to Sokoban, level 9.
    Level 11:
       An altar to Lugh, a fountain, a grave.
    Level 12:
       An armor shop, some graves.
    Level 13:
       A temple and an altar to Lugh, a fountain.
    Level 14: <- You were here.
       Some fountains.
       Final resting place for
          you, killed by an invisible plains centaur, while praying.
 Sokoban:
    Level 9:
       Unsolved.


Vanquished creatures:
  a ghost
  a long worm
 an ogre tyrant
  a flesh golem
 an elven monarch
  a stalker
  a hill giant
  a giant zombie
  3 elf-nobles
  a winter wolf
  2 small mimics
  a xan
  a wood golem
  a gelatinous cube
  a freezing sphere
  a red naga
  a carnivorous ape
  4 Grey-elves
  a crocodile
  2 giant beetles
  2 quivering blobs
  3 wolves
  2 winter wolf cubs
  a lynx
  3 leprechauns
  2 iron piercers
  a mumak
  3 giant spiders
  a horse
 an ice vortex
  2 black lights
  a vampire bat
 an orc mummy
  a dwarf mummy
  a rust monster
 an owlbear
  a yeti
  2 gold golems
  3 lizards
  3 chickatrices
  a dingo
  2 dogs
  a housecat
  2 gray unicorns
  a dust vortex
  2 ravens
  a plains centaur
  a gnome mummy
  a snake
  3 apes
  3 human zombies
  2 rope golems
  4 Woodland-elves
  a soldier ant
 20 bugbears
  4 imps
  a mountain nymph
  a Mordor orc
  7 Uruk-hai
  2 orc shamans
 10 rock piercers
  4 rock moles
 16 fog clouds
  5 yellow lights
  a shrieker
  2 violet fungi
  3 gnome leaders
  4 gray oozes
  8 elf zombies
  2 ghouls
  2 straw golems
  a paper golem
  2 giant ants
  a little dog
  7 floating eyes
  a dwarf
  a kobold shaman
  2 hill orcs
  8 rothes
  a rabid rat
  3 centipedes
  3 giant bats
  5 orc zombies
  2 dwarf zombies
  4 wererats
  4 iguanas
  2 acid blobs
  3 coyotes
 14 manes
  3 large kobolds
 15 hobgoblins
  4 giant rats
 14 cave spiders
  a brown mold
  a yellow mold
  a green mold
  6 gnomes
 18 garter snakes
  4 gnome zombies
  5 geckos
 13 jackals
  4 foxes
  a kobold
  6 goblins
  6 sewer rats
 14 grid bugs
  a bat
  8 lichens
  a kobold zombie
 14 newts
383 creatures vanquished.

No species were genocided or became extinct.

Game over:
                       ----------
                      /          \
                     /    REST    \
                    /      IN      \
                   /     PEACE      \
                  /                  \
                  |    ArrBianca     |
                  |      88 Au       |
                  |   killed by an   |
                  | invisible plains |
                  |     centaur      |
                  |                  |
                  |       2026       |
                 *|     *  *  *      | *
        _________)/\\_//(\/(/\)/\//\/|_)_______

Goodbye ArrBianca the Priestess...

You died in The Dungeons of Doom on dungeon level 14 with 29578 points,
and 88 pieces of gold, after 13747 moves.
You were level 10 with a maximum of 85 hit points when you died.

